 Dungeon Crawl Stone Soup version 0.18-b1-14-g029dad2 (webtiles) character file.

105 Chiseanne the Shield-Bearer (level 4, -6/30 HPs)
             Began as a Demonspawn Wizard on Apr 30, 2016.
             Mangled by an ogre
             ... wielding a +0 giant club
              (16 damage)
             ... on level 4 of the Dungeon.
             The game lasted 00:08:08 (3358 turns).

Chiseanne the Shield-Bearer (Demonspawn Wizard)     Turns: 3358, Time: 00:08:09

Health: -6/30      AC:  7    Str:  7    XL:     4   Next: 53%
Magic:  0/8        EV: 12    Int: 21    God:
Gold:   47         SH:  4    Dex: 10    Spells: 1 memorised, 8 levels left

rFire  . . .     SeeInvis .     g - +0 dagger
rCold  . . .     Gourm    .     a - +0 robe
rNeg   . . .     Faith    .     k - +0 buckler
rPois  .         Spirit   .     b - +0 hat
rElec  .         Dismiss  .     t - +0 cloak
rCorr  .         Reflect  .     (no gloves)
SustAt .         Harm     .     (no boots)
MR     .....                    (no amulet)
Stlth  ++........               (no ring)
                                (no ring)

@: not resistant to hostile enchantments, unstealthy
A: rough black scales 1, powered by death 1
a: no special abilities


You were on level 4 of the Dungeon.
You were not hungry.

You visited 1 branch of the dungeon, and saw 4 of its levels.

You collected 47 gold pieces.

Inventory:

Hand Weapons
 g - a +0 dagger (weapon)
Missiles
 e - 88 stones (quivered)
 f - 52 bolts
 o - 15 arrows
 v - 19 sling bullets
Armour
 a - a +0 robe (worn)
 b - a +0 hat (worn)
 k - a +0 buckler (worn)
 t - a +0 cloak (worn)
Scrolls
 h - 2 scrolls of immolation
 j - 2 scrolls of identify
 n - 2 scrolls of enchant weapon {unknown}
 q - a scroll of recharging {unknown}
 r - a scroll of enchant armour {unknown}
Potions
 m - a potion of berserk rage
 p - 2 potions of flight {unknown}
 u - 2 potions of brilliance {unknown}
Books
 c - a book of Minor Magic

   Spells                             Type                      Level
   a - Magic Dart                     Conjuration                  1
   b - Blink                          Translocation                2
   c - Call Imp                       Summoning                    2
   d - Repel Missiles                 Charms/Air                   2
   e - Slow                           Hexes                        2
   f - Conjure Flame                  Conjuration/Fire             3
   g - Mephitic Cloud                 Conjuration/Poison/Air       3
Comestibles
 d - 3 bread rations
 i - a beef jerky
 l - a meat ration
 s - a chunk of flesh


   Skills:
 - Level 1.7 Dodging
 - Level 1.7 Stealth
 + Level 3.3 Shields
 - Level 3.1 Spellcasting
 - Level 1.8 Conjurations
   Level 1.0 Summonings
   Level 0.8 Translocations


You had 8 spell levels left.
You knew the following spells:

 Your Spells              Type           Power        Failure   Level  Hunger
a - Magic Dart            Conj           ##..         10%         1    None


Dungeon Overview and Level Annotations

Branches:
Dungeon (4/15)
 Temple: D:4-7

Altars:
Dithmenos

Annotations:
D:3 unh01y's ghost, amateur OgAM


Innate Abilities, Weirdness & Mutations

You are partially covered in rough black scales (AC +4, Dex -1).
You regenerate a little health from kills.


Message History

The ogre is severely wounded.
The ogre barely misses you.
Casting: Magic Dart
Confirm with . or Enter, or press ? or * to list all spells.
You don't have enough magic to cast that spell.
Casting: Magic Dart
Confirm with . or Enter, or press ? or * to list all spells.
You don't have enough magic to cast that spell.
You hit the ogre.
The ogre is severely wounded.
The ogre closely misses you.
You hit the ogre.
The ogre is almost dead.
The ogre hits you with a giant club!!
Ouch! That really hurt!
You hit the ogre.
The ogre is almost dead.
The ogre hits you with a giant club!
Ouch! That really hurt!
You die...

.... #.#.# ...# #...
### ..# .... #.#
..... #.##......
#.@O...# ####..#####
#.....# ... #.#...#
.... #.#..># ##.....
#.#.#.### ........
#.#.....#
........###.#......
............#.....##


You could see an ogre.

Vanquished Creatures
  2 adders (D:2)
  2 oozes
  5 giant geckos
  An orc (D:4)
  8 bats
  3 giant cockroaches (D:1)
  7 goblins
  10 hobgoblins
  4 jackals (D:2)
  3 quokkas
  3 giant newts
  8 kobolds
  9 rats
65 creatures vanquished.

Notes
Turn   | Place    | Note
--------------------------------------------------------------
     0 | D:1      | Chiseanne the Demonspawn Wizard began the quest for the Orb.
     0 | D:1      | Reached XP level 1. HP: 13/13 MP: 4/4
   597 | D:1      | Gained mutation: You are partially covered in rough black scales (AC +4, Dex -1). [demonic ancestry]
   597 | D:1      | Reached XP level 2. HP: 19/19 MP: 0/6
   960 | D:1      | Reached skill level 1 in Shields
  1143 | D:1      | Reached XP level 3. HP: 24/24 MP: 3/7
  2225 | D:2      | Gained mutation: You regenerate a little health from kills. [demonic ancestry]
  2225 | D:2      | Reached XP level 4. HP: 30/30 MP: 2/8
  2321 | D:2      | Found a shadowy altar of Dithmenos.
  3122 | D:3      | Noticed unh01y's ghost (amateur OgAM)
  3347 | D:4      | Noticed an ogre
  3358 | D:4      | Mangled by an ogre

Skill      XL: |  1  2  3  4 |
---------------+-------------+-----
Shields        | 1 2 3 |  3.3
Dodging        | |  1.7
Stealth        | |  1.7
Spellcasting   | |  3.1
Conjurations   | |  1.8
Summonings     | |  1.0
Translocations | |  0.8

Action                   |  1- 3 |  4- 6 || total
-------------------------+-------+-------++-------
Melee: Dagger            |    51 |    54 ||   105
 Cast: Magic Dart        |   117 |    66 ||   183
  Use: Scroll            |     3 |       ||     3
  Eat: Chunk             |     4 |     3 ||     7
Armor: Robe              |    35 |    30 ||    65
Dodge: Dodged            |    54 |    45 ||    99
Block: Buckler           |    10 |    15 ||    25
